[Event "Team 45 45 League T61"]
[Site "Internet Chess Club"]
[Date "2014.05.31"]
[Round "1"]
[White "Conjurer"]
[Black "Tribe97"]
[Result "1/2-1/2"]
[WhiteElo "1221"]
[BlackElo "1350"]
[Opening "Queen's pawn game, Darooha variation "]
[ECO "D11"]
[Time "13:05:56"]
[TimeControl "2700+45"]

1. d4 d5 2. Nf3 Nf6 3. c4 c6 4. Bf4 Bg4 5. e3 Qb6 6. b3 e6 7. h3 Bb4+ 8. Nbd2
Bxf3 9. gxf3 Nbd7 10. a3 Be7 11. c5 Qd8 12. Bd3 Nh5 13. Bh2 b6 14. b4 a5 15. e4
axb4 16. axb4 O-O 17. O-O Bg5 18. Ra6 Bf4 19. cxb6 Bxh2+ 20. Kxh2 Rxa6 21. Bxa6
Nxb6 22. Nb3 Nf4 23. Rg1 Qh4 24. Rg3 Nh5 25. Rg2 Nf4 26. Rg3 f5 27. Qg1 Rf7 28.
e5 Nc4 29. Qf1 Nh5 30. Bxc4 dxc4 31. Qxc4 Nxg3 32. fxg3 Qe7 33. Nc5 Qd8 34. Nxe6
Qd5 35. Qxd5 cxd5 36. Nc5 Ra7 37. f4 Ra2+ 38. Kg1 Rb2 39. Nd3 Rb3 40. Nc5 Rxb4
41. Ne6 Kf7 42. Ng5+ Ke7 43. Nf3 h6 44. h4 Rb3 45. Kf2 Rb2+ 46. Kf1 g6 47. Ng1
Rb3 48. Ne2 h5 49. Kf2 Rb2 50. Ke3 Rb3+ 51. Kf2 Rb2 {Game drawn by mutual
agreement} 1/2-1/2

[Event "Team 45 45 League T61"]
[Site "Internet Chess Club"]
[Date "2014.06.03"]
[Round "1"]
[White "jaybird44"]
[Black "jadelamere"]
[Result "1-0"]
[WhiteElo "1130"]
[BlackElo "1001"]
[Opening "QGD: 6.Nf3"]
[ECO "D55"]
[Time "17:00:15"]
[TimeControl "2700+45"]

1. d4 d5 2. c4 e6 3. Nc3 Nf6 4. Bg5 Be7 5. Nf3 O-O 6. e3 Bb4 7. Bd3 h6 8. Bf4
Bd6 9. Ne5 Nc6 10. cxd5 exd5 11. O-O Re8 12. Bb5 a6 13. Ba4 Ne4 14. Nxd5 b5 15.
Bc2 Nf6 16. Nxc6 Qd7 17. Ne5 Nxd5 18. Nxd7 Bxd7 19. Bxd6 cxd6 20. Qh5 Nf6 21.
Qf3 Bg4 22. Qf4 Rac8 23. Bf5 Be2 24. Bxc8 Bxf1 25. Kxf1 Rxc8 26. Qxd6 a5 27. Qa6
Rc2 28. Qxb5 Rc7 29. Qb8+ Kh7 30. Qxc7 Ne4 31. Qxa5 Nf6 32. Rc1 Ne4 33. Qf5+ Kg8
34. Rc8# {Black checkmated} 1-0

[Event "Team 45 45 League T61"]
[Site "Internet Chess Club"]
[Date "2014.05.31"]
[Round "1"]
[White "ILoveChess108"]
[Black "rhayder"]
[Result "1-0"]
[WhiteElo "1244"]
[BlackElo "1288"]
[Opening "English, Tröger defense"]
[ECO "A20"]
[Time "20:21:20"]
[TimeControl "2700+45"]

1. c4 e5 2. g3 d6 3. Bg2 Nc6 4. Nc3 Be6 5. d3 Qd7 6. Bd2 O-O-O 7. Nf3 Be7 8. O-O
Bh3 9. Ng5 Bxg5 10. Bxg5 Nf6 11. Re1 h6 12. Be3 Bxg2 13. Kxg2 Ng4 14. Qd2 b6 15.
h3 Nxe3+ 16. Qxe3 Nb4 17. Qd2 Qc6+ 18. Kh2 Qb7 19. a3 Nc6 20. f3 Nd4 21. Nb5 Nb3
22. Qc2 Nxa1 23. Rxa1 a6 24. Nc3 g5 25. b4 Kb8 26. a4 Qc8 27. b5 a5 28. e3 f5
29. Nd5 Qe6 30. Qa2 g4 31. f4 h5 32. h4 exf4 33. exf4 Rhe8 34. Nc3 Qe3 35. Rd1
Qd4 36. Qc2 Re3 37. Ne2 Qc5 38. d4 Qb4 39. d5 Rde8 40. Nd4 Rf3 41. Nc6+ {Black
resigns} 1-0

[Event "Team 45 45 League T61"]
[Site "Internet Chess Club"]
[Date "2014.05.28"]
[Round "1"]
[White "Aquaman"]
[Black "SeniorCitizen"]
[Result "1-0"]
[WhiteElo "1369"]
[BlackElo "1300"]
[Opening "Réti: King's Indian attack"]
[ECO "A08"]
[Time "15:30:24"]
[TimeControl "2700+45"]

1. Nf3 c5 2. g3 d5 3. Bg2 e6 4. O-O Nf6 5. d3 b6 6. Nbd2 Bb7 7. Re1 Nbd7 8. e4
dxe4 9. dxe4 Be7 10. e5 Nd5 11. h4 O-O 12. Ne4 Nc7 13. c4 Bxe4 14. Rxe4 Nxe5 15.
Qxd8 Nxf3+ 16. Bxf3 Raxd8 17. Bf4 Ne8 18. b3 Nf6 19. Re2 Rd3 20. Be3 Rfd8 21.
Ree1 e5 22. Be2 R3d7 23. Bf3 Bd6 24. Bg5 Be7 25. Rxe5 Bd6 26. Ree1 Re7 27. Red1
Kf8 28. Bxf6 gxf6 29. Bd5 Bb8 30. Rd3 Be5 31. Rad1 Bd4 32. Rf1 Re2 33. a3 Rd7
34. Rf3 Rde7 35. Rf5 Re1 36. b4 Kg7 37. b5 Rxf1+ 38. Kxf1 Kg6 39. Rf3 Kg7 40. a4
Re5 41. Rf4 Re7 42. Re4 Rxe4 43. Bxe4 h6 44. f4 Kf8 45. h5 Ke7 46. Bd5 f5 47.
Kg2 Bg7 48. Kf3 Kf6 49. g4 fxg4+ 50. Kxg4 Bf8 51. f5 Be7 52. Kf4 Bd6+ 53. Ke4
Be5 54. Bc6 Bc7 55. Bd5 Be5 56. Bxf7 Bd4 57. Bg6 Be5 58. Kd5 Ke7 59. Kc6 Kd8 60.
Kb7 Kd7 61. Kxa7 Bc7 62. f6 {Black resigns} 1-0

[Event "Team 45 45 League T61"]
[Site "Internet Chess Club"]
[Date "2014.06.01"]
[Round "1"]
[White "medsurg"]
[Black "semperfi"]
[Result "1/2-1/2"]
[WhiteElo "1369"]
[BlackElo "1388"]
[Opening "QGD: Vienna variation"]
[ECO "D38"]
[Time "20:00:50"]
[TimeControl "2700+45"]

1. d4 Nf6 2. c4 e6 3. Nf3 d5 4. Bg5 Bb4+ 5. Nc3 Nbd7 6. e3 c6 7. Bd3 O-O 8. O-O
Bxc3 9. bxc3 dxc4 10. Bxc4 Nb6 11. Bd3 Nbd7 12. Qc2 h6 13. Bh4 Qc7 14. Bg3 Qa5
15. Ne5 Nxe5 16. Bxe5 Ng4 17. Bg3 Qh5 18. h3 Nf6 19. Be5 Nd7 20. Be2 Qg5 21. Bf4
Qe7 22. Qe4 f5 23. Qd3 Nf6 24. Bf3 Bd7 25. Be5 Be8 26. Qe2 Bg6 27. Bxf6 Qxf6 28.
e4 fxe4 29. Bxe4 Bxe4 30. Qxe4 Qf5 31. Rae1 {Game drawn by mutual agreement}
1/2-1/2

[Event "Team 45 45 League T61"]
[Site "Internet Chess Club"]
[Date "2014.06.02"]
[Round "1"]
[White "artspir"]
[Black "rgadoury"]
[Result "0-1"]
[WhiteElo "1290"]
[BlackElo "1342"]
[Opening "Queen's pawn game"]
[ECO "D02"]
[Time "19:00:45"]
[TimeControl "2700+45"]

1. d4 d5 2. Nf3 e6 3. Bf4 Nf6 4. Nbd2 Bd6 5. Ne5 O-O 6. e3 c5 7. c3 Nbd7 8. Bd3
c4 9. Bc2 Bc7 10. O-O h6 11. h3 Nxe5 12. dxe5 Nd7 13. Nf3 f6 14. exf6 Nxf6 15.
Ne5 Bxe5 16. Bxe5 Bd7 17. Bxf6 Rxf6 18. b3 b5 19. bxc4 bxc4 20. e4 dxe4 21. Bxe4
Rb8 22. Qc2 Qe7 23. Rae1 Kh8 24. f4 Qf7 25. g3 g5 26. Re3 gxf4 27. Ref3 e5 28.
Qf2 Bxh3 29. gxf4 Bxf1 30. Kxf1 Rxf4 31. Qg3 Rxf3+ 32. Bxf3 Rb1+ 33. Kg2 Rb2+
34. Kh3 Qf4 35. Qxf4 exf4 36. Kg4 Rxa2 37. Kxf4 Ra3 38. Kf5 Kg7 39. Bd5 Rxc3 40.
Ke4 Rc1 41. Kd4 Rd1+ 42. Kxc4 Rxd5 43. Kxd5 h5 44. Ke4 h4 45. Kf3 a5 46. Kg4 a4
47. Kxh4 a3 48. Kg3 a2 49. Kf2 a1=Q 50. Kf3 Kf6 51. Kg4 Qf1 52. Kh5 Qg1 53. Kh6
Qg6# {White checkmated} 0-1

[Event "Team 45 45 League T61"]
[Site "Internet Chess Club"]
[Date "2014.06.01"]
[Round "1"]
[White "backrankbrawler"]
[Black "xt"]
[Result "0-1"]
[WhiteElo "1816"]
[BlackElo "1656"]
[Opening "QGD: exchange variation"]
[ECO "D35"]
[Time "21:33:37"]
[TimeControl "2700+45"]

1. d4 d5 2. c4 e6 3. Nc3 Nf6 4. cxd5 Nxd5 5. e4 Nf6 6. Bg5 Be7 7. Nf3 h6 8. Bf4
O-O 9. Bd3 Nc6 10. Be3 a6 11. a3 Bd7 12. Rc1 Nh7 13. e5 Ng5 14. Bb1 f5 15. exf6
Bxf6 16. Qd3 Be8 17. Nxg5 hxg5 18. Qh7+ Kf7 19. Bxg5 Bxg5 20. Bg6+ Ke7 21. Qxg7+
Rf7 22. Bxf7 Bxc1 23. Bg6+ Kd6 24. Ne4+ Kd5 25. Nf6+ Kc4 26. Nxe8 Nxd4 27. O-O
Bxb2 28. Qh7 c6 29. Qh3 Qe7 30. Bd3+ Kc5 31. Bg6 Rd8 32. Rb1 Ne2+ 33. Kf1 Nc3
34. Qe3+ Kc4 35. Re1 Bxa3 36. g3 b5 37. Qf3 c5 38. Nf6 Rf8 39. Re4+ Nxe4 40.
Qxe4+ Kb3 41. Qd3+ Ka4 42. Nd7 c4 43. Qd2 Qb4 44. Bc2+ Ka5 45. Qe3 Qd6 46. Qe1+
Bb4 47. Qa1+ Ba3 48. Qe1+ Bb4 49. Qa1+ Ba3 50. Qe1+ b4 51. Nxf8 Qxf8 52. Qxe6
Qc5 53. Qe1 Bb2 54. h4 Bc3 55. Qc1 b3 56. Bd1 Bd4 57. h5 Kb4 58. h6 c3 59. g4 c2
60. Be2 b2 61. Qd2+ Qc3 62. Qf4 b1=Q+ 63. Kg2 c1=Q 64. Qd6+ Qc5 65. Qb8+ Qb6 66.
Qf8+ Bc5 67. Qf4+ Qxf4 {White resigns} 0-1

[Event "Team 45 45 League T61"]
[Site "Internet Chess Club"]
[Date "2014.06.01"]
[Round "1"]
[White "SugarIslander"]
[Black "amicusUK"]
[Result "1-0"]
[WhiteElo "1661"]
[BlackElo "1659"]
[Opening "QGD: Janowski variation"]
[ECO "D31"]
[Time "14:00:22"]
[TimeControl "2700+45"]

1. d4 e6 2. c4 d5 3. Nc3 a6 4. e3 c6 5. a4 Nf6 6. Bd2 Bb4 7. Nf3 Nbd7 8. Be2
dxc4 9. Bxc4 Nb6 10. Bd3 Nbd5 11. Qc2 Qe7 12. O-O Bd6 13. Ne4 Nxe4 14. Bxe4 Nf6
15. Bxc6+ Nd7 16. Be4 Nf6 17. Bd3 Bd7 18. Qb3 Bc6 19. Ne5 Bd5 20. Bc4 O-O 21.
Bxd5 exd5 22. f3 Bxe5 23. dxe5 Qxe5 24. Qc3 Qe6 25. Qd4 Rfc8 26. Rac1 Rc4 27.
Rxc4 dxc4 28. Bc3 Re8 29. e4 Qd7 30. Qxc4 Rc8 31. Qd4 Qxd4+ 32. Bxd4 Rc4 33.
Bxf6 gxf6 34. b3 Rc3 35. Rb1 Kf8 36. Rb2 Ke7 37. Kf2 Kd6 38. Ke2 Kc5 39. b4+ Kc4
40. b5 axb5 41. Rxb5 Rb3 42. Rh5 Rb2+ 43. Kf1 Kd3 44. h4 Ke3 45. Kg1 Kf4 46. Kh2
Ke3 47. Rxh7 f5 48. exf5 Kf4 49. Rxf7 Rb4 50. a5 Rb5 51. f6 Kf5 52. g4+ Ke6 53.
Rf8 Rxa5 54. g5 Rf5 55. Kg3 b5 56. Rb8 Kf7 57. Kg4 Rc5 58. Rb7+ Kf8 59. g6 Rc4+
60. f4 Rc8 61. Rxb5 Kg8 62. Re5 Kh8 63. f7 {Black resigns} 1-0

[Event "Team 45 45 League T61"]
[Site "Internet Chess Club"]
[Date "2014.06.01"]
[Round "1"]
[White "burnsy"]
[Black "mongmong"]
[Result "1-0"]
[WhiteElo "1636"]
[BlackElo "1605"]
[Opening "French: advance, Paulsen attack"]
[ECO "C00"]
[Time "08:00:23"]
[TimeControl "2700+45"]

1. e4 e6 2. Nf3 d5 3. e5 c5 4. c3 Nc6 5. d4 Qb6 6. a3 Nh6 7. Bxh6 Qxb2 8. Bxg7
Bxg7 9. Nbd2 cxd4 10. cxd4 O-O 11. Qc1 Qxc1+ 12. Rxc1 Bd7 13. Nb3 Rfd8 14. Bb5
Bf8 15. a4 Bb4+ 16. Ke2 a6 17. Bd3 Na5 18. Nc5 Bxc5 19. Rxc5 b6 20. Rc7 Bxa4 21.
Ng5 Rd7 22. Rxd7 Bxd7 23. Nxh7 Nc6 24. Nf6+ Kg7 25. Nxd7 Nxd4+ 26. Ke3 Nc6
{Black resigns} 1-0

[Event "Team 45 45 League T61"]
[Site "Internet Chess Club"]
[Date "2014.05.31"]
[Round "1"]
[White "oldsj"]
[Black "losscause"]
[Result "1/2-1/2"]
[WhiteElo "1650"]
[BlackElo "1581"]
[Opening "French: exchange variation"]
[ECO "C01"]
[Time "14:01:09"]
[TimeControl "2700+45"]

1. e4 e6 2. d4 d5 3. exd5 exd5 4. c4 Nf6 5. Nc3 Bb4 6. a3 Bxc3+ 7. bxc3 O-O 8.
Nf3 Re8+ 9. Be3 Ng4 10. Qd2 Qe7 11. cxd5 Nxe3 12. fxe3 Qxe3+ 13. Qxe3 Rxe3+ 14.
Kd2 Re7 15. Bc4 Bd7 16. Ne5 Be8 17. h4 Nd7 18. Rae1 Kf8 19. h5 f6 {Game drawn by
mutual agreement} 1/2-1/2

[Event "Team 45 45 League T61"]
[Site "Internet Chess Club"]
[Date "2014.06.01"]
[Round "1"]
[White "Packerfan"]
[Black "misuc56"]
[Result "1-0"]
[WhiteElo "1884"]
[BlackElo "1823"]
[Opening "Sicilian: Alapin's variation (2.c3)"]
[ECO "B22"]
[Time "14:30:14"]
[TimeControl "2700+45"]

1. e4 c5 2. c3 Nc6 3. d4 cxd4 4. cxd4 d6 5. Nf3 g6 6. Nc3 Bg7 7. Bb5 Bd7 8. O-O
a6 9. Bxc6 bxc6 10. Re1 Rb8 11. e5 d5 12. Na4 e6 13. Nc5 Qc8 14. Qd3 a5 15. b3
Bf8 16. Qc3 Ra8 17. Bd2 h5 18. Rac1 Bxc5 19. Qxc5 h4 20. Bxa5 Qa6 21. Bb4 Kd8
22. a4 h3 23. Ng5 Nh6 24. Nxf7+ Nxf7 25. Qe7+ Kc8 26. Qxf7 hxg2 27. Rc3 Qb6 28.
Bc5 Qd8 29. Be7 Qe8 30. Qxe8+ Rxe8 31. Bd6 Rh8 32. Kxg2 Rh4 33. Bc5 Kb7 34. Rh3
Rah8 35. Rxh4 Rxh4 36. Re3 Be8 37. Rf3 g5 38. Rf6 Bd7 39. Rg6 g4 40. Rg7 Kc8 41.
b4 Rh3 42. Rxg4 Ra3 43. a5 Ra2 44. h4 Be8 45. Rg8 Kd7 46. Rg7+ Kc8 47. Re7 Bg6
48. Kg3 Ra3+ 49. Kg4 Bf5+ 50. Kg5 Ra2 51. h5 Rxf2 52. a6 Ra2 53. a7 Ra1 54. Re8+
Kb7 55. Rb8+ {Black resigns} 1-0

[Event "Team 45 45 League T61"]
[Site "Internet Chess Club"]
[Date "2014.06.01"]
[Round "1"]
[White "Constrictor"]
[Black "tryanything"]
[Result "1/2-1/2"]
[WhiteElo "1644"]
[BlackElo "1634"]
[Opening "Queen's pawn game, Darooha variation "]
[ECO "D02"]
[Time "19:03:36"]
[TimeControl "2700+45"]

1. Nf3 d5 2. d4 Nf6 3. c4 e6 4. g3 c5 5. Bg2 Nc6 6. cxd5 Nxd5 7. O-O cxd4 8.
Nxd4 Be7 9. Nxc6 bxc6 10. Nc3 O-O 11. e4 Nxc3 12. bxc3 Ba6 13. Re1 Qxd1 14. Rxd1
Rfd8 15. Be3 c5 16. Bf1 Bxf1 17. Kxf1 Kf8 18. c4 Ke8 19. Ke2 Rab8 20. Rxd8+ Kxd8
21. Rd1+ Kc8 22. Rd2 {Game drawn by mutual agreement} 1/2-1/2

[Event "Team 45 45 League T61"]
[Site "Internet Chess Club"]
[Date "2014.06.05"]
[Round "1"]
[White "clarinetref"]
[Black "supermessi"]
[Result "1-0"]
[WhiteElo "1607"]
[BlackElo "1549"]
[Opening "Sicilian: Canal-Sokolsky attack, 3...Bd7"]
[ECO "B52"]
[Time "19:44:54"]
[TimeControl "2700+45"]

1. e4 c5 2. Nf3 d6 3. Bb5+ Bd7 4. a4 a6 5. Bxd7+ Qxd7 6. O-O Nc6 7. c3 Nf6 8.
Re1 e6 9. Na3 Be7 10. Nc4 O-O 11. Nb6 Qc7 12. Nxa8 Rxa8 13. d4 cxd4 14. Nxd4 Ne5
15. h3 Nc4 16. b3 Ne5 17. Bd2 d5 18. exd5 Nxd5 19. Qe2 Bd6 20. Rac1 Re8 21. Nf3
Ng6 22. Qc4 Qd7 23. Ng5 Rc8 24. Qe4 Be5 25. Rcd1 Bxc3 26. Bxc3 Rxc3 27. h4 h6
28. Nxe6 Nge7 29. Nf4 {Black resigns} 1-0

[Event "Team 45 45 League T61"]
[Site "Internet Chess Club"]
[Date "2014.05.31"]
[Round "1"]
[White "smsxman"]
[Black "Aquaman"]
[Result "1/2-1/2"]
[WhiteElo "1478"]
[BlackElo "1374"]
[Opening "Bishop's opening"]
[ECO "C23"]
[Time "15:01:11"]
[TimeControl "2700+45"]

1. e4 e5 2. Bc4 Be7 3. Nf3 d6 4. O-O Nf6 5. Nc3 O-O 6. Re1 c6 7. d4 Nbd7 8. dxe5
dxe5 9. b3 b5 10. Bd3 Qc7 11. Bb2 Re8 12. a3 Nc5 13. b4 Nxd3 14. cxd3 Bg4 15.
Re3 Rad8 16. Qc2 Bd6 17. Rc1 Qb8 18. Qb1 c5 19. Na2 Rc8 20. h3 Bd7 21. Ree1 Nh5
22. bxc5 Bxc5 23. Qa1 Bd6 24. Nb4 Rxc1 25. Bxc1 Nf4 26. Qb1 a5 27. Nd5 Nxd5 28.
exd5 f6 29. Qb3 a4 30. Qa2 Bf5 31. Rd1 Bg6 32. Ne1 Bf7 33. Bd2 Qb7 34. Qb2 Bxd5
35. f3 Rc8 36. Nc2 Bb3 37. Rc1 Qc7 38. Na1 Qb6+ 39. Kf1 Rxc1+ 40. Bxc1 Be6 41.
Qc2 Qc5 42. Qxc5 Bxc5 43. Ke2 Kf7 44. Bd2 Bd4 45. Nc2 Ba7 46. Nb4 Bc5 47. Bc1
Bb3 48. Na6 Bd4 49. Nc7 Ke7 50. Nxb5 Kd7 51. Nxd4 exd4 52. Bb2 Kd6 53. Bxd4 Kd5
54. Ke3 Ke6 55. g3 g5 56. f4 gxf4+ 57. Kxf4 Bc2 58. Ke3 f5 59. h4 h5 60. Bc5 Bb3
61. d4 Bd5 62. Kf4 Kd7 63. Kxf5 Kc8 64. Kg5 Bf3 65. Kf4 Bg4 66. d5 Kd7 67. Ke5
Bh3 68. d6 Bg4 69. Bb4 Bh3 70. Kd4 Bf5 71. Ke3 Be6 72. Kf4 Bg4 73. Ke5 Be6 74.
Bd2 Bg4 75. Bf4 Be6 76. Kf6 Bg4 77. Kg5 Be2 78. g4 Bxg4 79. Kf6 Bd1 {Game drawn
by mutual agreement} 1/2-1/2

[Event "Team 45 45 League T61"]
[Site "Internet Chess Club"]
[Date "2014.06.01"]
[Round "1"]
[White "ethan0627"]
[Black "mongmong"]
[Result "0-1"]
[WhiteElo "1436"]
[BlackElo "1614"]
[Opening "French: Winawer, advance variation"]
[ECO "C16"]
[Time "19:05:53"]
[TimeControl "2700+45"]

1. e4 e6 2. d4 d5 3. Nc3 Bb4 4. e5 Ne7 5. Nf3 c5 6. Bd2 Nbc6 7. Be3 Nf5 8. a3
cxd4 9. Bxd4 Nfxd4 10. Nxd4 Bxc3+ 11. bxc3 Nxe5 12. Qh5 Nc6 13. Qg4 O-O 14. Bd3
Qa5 15. Ne2 e5 16. Qh4 e4 17. Bxe4 dxe4 18. Qxe4 Qe5 19. Qf3 Re8 20. Rd1 Be6 21.
Rd2 Bc4 22. Kd1 Bxe2+ 23. Rxe2 Qxe2+ 24. Qxe2 Rxe2 25. Kxe2 Re8+ 26. Kd2 f5 27.
Rb1 Na5 28. Kd3 b6 29. Rb5 g6 30. c4 Rc8 31. Rb4 Kf7 32. f4 Ke6 33. g3 Rc7 34.
Kd4 Nb7 35. Rb5 Rc5 36. c3 Nd6 37. Rxc5 bxc5+ 38. Kxc5 Kd7 39. Kd5 Ne4 40. Kd4
Kc6 41. Kd3 Kc5 42. g4 Nf2+ 43. Kc2 Nxg4 44. h3 Ne3+ 45. Kd3 Nxc4 46. a4 Nb2+
47. Kc2 Nxa4 48. Kb3 Nb6 49. h4 a5 50. Kc2 Nd5 51. Kb3 Nxf4 52. Ka4 Ng2 53. Kxa5
Nxh4 54. Ka4 f4 55. Kb3 f3 56. Kc2 f2 57. Kb3 g5 58. Kc2 g4 59. Kb3 g3 60. Kc2
g2 61. Kb3 Nf3 62. Kc2 Kc4 63. Kb2 Ne1 64. Kc1 Nd3+ 65. Kc2 h5 66. Kd2 f1=Q 67.
Ke3 g1=Q+ 68. Ke4 Qg4+ 69. Ke3 Qff3+ 70. Kd2 Qe2# {White checkmated} 0-1

[Event "Team 45 45 League T61"]
[Site "Internet Chess Club"]
[Date "2014.06.03"]
[Round "1"]
[White "GregoryViking"]
[Black "Jet1234"]
[Result "1-0"]
[WhiteElo "1553"]
[BlackElo "1371"]
[Opening "Sicilian: Labourdonnais-Löwenthal (Kalashnikov) variation"]
[ECO "B32"]
[Time "17:31:17"]
[TimeControl "2700+45"]

1. e4 c5 2. Nf3 Nc6 3. d4 cxd4 4. Nxd4 e5 5. Nb5 d6 6. N1c3 a6 7. Na3 b5 8. Nd5
Nf6 9. Bg5 Be7 10. Nxe7 Qxe7 11. c3 O-O 12. Qd3 h6 13. Bh4 Bg4 14. f3 Be6 15. c4
b4 16. Nc2 a5 17. Rd1 Rfd8 18. Be2 Rac8 19. b3 Kh8 20. Bf2 Nh5 21. g3 Bh3 22.
Ne3 Nf6 23. g4 h5 24. Bh4 hxg4 25. fxg4 Qe6 26. Rg1 Rd7 27. Nd5 Rcd8 28. Qxh3
Nd4 29. Nxf6 gxf6 30. Bxf6+ Kg8 31. Qh8# {Black checkmated} 1-0

[Event "Team 45 45 League T61"]
[Site "Internet Chess Club"]
[Date "2014.05.29"]
[Round "1"]
[White "Striker3000"]
[Black "smsxman"]
[Result "0-1"]
[WhiteElo "1256"]
[BlackElo "1450"]
[Opening "QGD: Marshall defense"]
[ECO "D06"]
[Time "12:00:13"]
[TimeControl "2700+45"]

1. d4 d5 2. c4 Nf6 3. cxd5 Nxd5 4. e4 Nf6 5. Nc3 e6 6. Nf3 Nc6 7. Be3 Bb4 8. Bd3
O-O 9. O-O Bd7 10. Bg5 Be7 11. e5 Nd5 12. Nxd5 exd5 13. Bxe7 Qxe7 14. Qe2 Bg4
15. a3 Nxd4 16. Qe3 Nxf3+ 17. gxf3 Be6 18. Bc2 c6 19. Qd3 g6 20. f4 Qh4 21. Qg3
Qe7 22. f5 Bd7 23. f6 Qc5 24. Qg5 Rfd8 25. b4 Qf8 26. Rfe1 Re8 27. Rad1 Be6 28.
Rd3 Kh8 29. Rg3 Qg8 30. f4 a6 31. f5 gxf5 32. Qh6 Qf8 33. Rg7 Qg8 34. Rxg8+
Rxg8+ 35. Kh1 d4 36. Rf1 Bd5+ 37. Rf3 Bxf3# {White checkmated} 0-1

[Event "Team 45 45 League T61"]
[Site "Internet Chess Club"]
[Date "2014.05.28"]
[Round "1"]
[White "guyd52"]
[Black "trifire"]
[Result "0-1"]
[WhiteElo "1287"]
[BlackElo "1440"]
[Opening "Réti opening"]
[ECO "A05"]
[Time "19:00:34"]
[TimeControl "2700+45"]

1. Nf3 Nf6 2. g3 d5 3. Bg2 Bg4 4. d3 Nc6 5. Nbd2 e5 6. O-O Qd7 7. e4 dxe4 8.
Nxe4 O-O-O 9. Nxf6 gxf6 10. Re1 h5 11. h4 f5 12. Bg5 Re8 13. Qd2 Bd6 14. Bf6
Rhg8 15. Nxe5 Nxe5 16. Bxe5 Bxe5 17. Qb4 c6 18. Re3 Bd4 19. Rxe8+ Rxe8 20. c3
Bxf2+ 21. Kxf2 Re2+ 22. Kg1 Qxd3 23. Qf8+ Kd7 24. Qxf7+ Re7 25. Qf6 Qxg3 26.
Qd4+ Ke8 27. Rf1 Qe3+ 28. Qxe3 Rxe3 29. Rf4 Re1+ 30. Rf1 Rxf1+ 31. Kxf1 Ke7 32.
Kf2 Ke6 33. b4 Kd6 34. a4 Kc7 35. Ke3 Kb6 36. a5+ Kb5 37. Bf1+ Ka4 38. Bd3 Kb3
39. Kf4 Kxc3 40. Bxf5 Bxf5 41. Kxf5 Kxb4 42. Kg5 c5 43. Kxh5 c4 44. Kg6 c3 45.
h5 c2 46. h6 c1=Q 47. h7 Qc2+ 48. Kg7 Qxh7+ 49. Kxh7 Kxa5 50. Kg6 b5 51. Kf5 Kb4
52. Ke4 Kc4 53. Ke3 Kc3 54. Ke2 Kc2 55. Ke3 b4 56. Kd4 b3 57. Kc4 b2 58. Kb5
b1=R+ 59. Ka6 Kc3 60. Kxa7 Kc4 61. Ka6 Kc5 62. Ka5 Ra1# {White checkmated} 0-1

[Event "Team 45 45 League T61"]
[Site "Internet Chess Club"]
[Date "2014.06.01"]
[Round "1"]
[White "bluesun"]
[Black "clarinetref"]
[Result "0-1"]
[WhiteElo "1468"]
[BlackElo "1592"]
[Opening "Robatsch (modern) defense"]
[ECO "B06"]
[Time "15:03:31"]
[TimeControl "2700+45"]

1. e4 g6 2. d4 Bg7 3. Nf3 d6 4. Bc4 e6 5. Nc3 c6 6. d5 Qa5 7. O-O Bxc3 8. bxc3
Qxc3 9. Qd4 Qxd4 10. Nxd4 e5 11. Nf3 Nf6 12. Re1 O-O 13. Bh6 Re8 14. Ng5 c5 15.
Re2 Ng4 16. Bb5 Re7 17. Nxf7 Nxh6 18. Nxh6+ Kg7 19. f4 Kxh6 20. f5 gxf5 21. Rf1
f4 22. g3 Bh3 23. Rff2 Rg7 24. Kh1 a6 25. Bd3 Bg4 26. Rd2 f3 27. h3 Bxh3 28.
Rxf3 Bg4 29. Rh2+ Kg6 30. Rf8 h5 31. Rd8 Rd7 32. Rg8+ Rg7 33. Rf8 b5 34. Rhf2 c4
35. Bf1 Kh7 36. R2f6 Nd7 37. Rxa8 Nxf6 38. Bg2 Bd1 39. c3 Rxg3 40. Rxa6 Bf3 41.
Bxf3 Rxf3 42. Rxd6 Nxe4 43. Rd7+ Kg6 44. d6 Rxc3 45. Rd8 Rd3 46. d7 Kf7 47. Kg2
Ke7 48. Re8+ Kxd7 49. Rxe5 Rd2+ 50. Kf3 Nf6 51. a3 Rd3+ 52. Kf4 Kd6 53. Rxb5 c3
54. Rb6+ Ke7 55. Kf5 Rf3+ 56. Ke5 Nd7+ 57. Ke4 Nxb6 58. Kxf3 c2 59. a4 c1=Q 60.
Ke4 Ke6 61. a5 Qc4+ 62. Kf3 Nd5 63. a6 Qxa6 64. Ke4 Qc4+ 65. Kf3 Kf5 66. Kg3
Qf4+ 67. Kg2 Ne3+ 68. Kg1 Qf1+ 69. Kh2 Qg2# {White checkmated} 0-1

[Event "Team 45 45 League T61"]
[Site "Internet Chess Club"]
[Date "2014.06.01"]
[Round "1"]
[White "g8wrb"]
[Black "Elton2013"]
[Result "0-1"]
[WhiteElo "1295"]
[BlackElo "1487"]
[Opening "Ruy Lopez: Classical defense deferred"]
[ECO "C70"]
[Time "11:02:00"]
[TimeControl "2700+45"]

1. e4 e5 2. Nf3 Nc6 3. Bb5 a6 4. Ba4 Bc5 5. O-O b5 6. Bb3 d6 7. h3 Nge7 8. c3
Bb6 9. d4 exd4 10. cxd4 O-O 11. Nc3 Kh8 12. Bg5 f6 13. Be3 f5 14. e5 f4 15. Bd2
Nxd4 16. Nxd4 Bxd4 17. exd6 Qxd6 18. Qf3 Nc6 19. Ne4 Qe5 20. Bc3 Bxc3 21. Nxc3
Bb7 22. Rfe1 Qg5 23. Bd5 Nd4 24. Qe4 Bxd5 25. Nxd5 f3 26. g3 Ne2+ 27. Rxe2
{White resigns} 0-1

[Event "Team 45 45 League T61"]
[Site "Internet Chess Club"]
[Date "2014.06.01"]
[Round "1"]
[White "moodle"]
[Black "Aquaman"]
[Result "0-1"]
[WhiteElo "1517"]
[BlackElo "1397"]
[Opening "Caro-Kann defense"]
[ECO "B12"]
[Time "15:04:07"]
[TimeControl "2700+45"]

1. e4 c6 2. d4 d6 3. Nf3 Bg4 4. Be2 Nd7 5. h3 Bh5 6. Be3 Qc7 7. Nc3 Ngf6 8. O-O
e5 9. a4 Be7 10. Re1 O-O 11. Qd2 a6 12. Nh2 Bxe2 13. Qxe2 Rfe8 14. Ra2 Nf8 15.
Qf3 Ne6 16. dxe5 dxe5 17. Rd1 Bc5 18. Bg5 Nxg5 19. Qe2 Ne6 20. Qe1 Nd4 21. Rd2
Rad8 22. Kh1 Ne6 23. Re2 Nf4 24. Rd2 Rxd2 25. Qxd2 Qd8 26. Qe1 Ne6 27. Ne2 Nxe4
28. Ng4 Qd5 29. Ra1 Qd2 30. Qxd2 Nxd2 31. f3 f6 32. b3 Rd8 33. Nc1 h5 34. Nh2 e4
35. fxe4 Nxe4 36. Nd3 Ba7 37. Nf3 Ng3+ 38. Kh2 Bb8 39. Kg1 Ne2+ 40. Kf2 Nc3 41.
Re1 Kf7 42. g4 hxg4 43. hxg4 Re8 44. Nh4 Ba7+ 45. Kf1 Nd4 46. Rc1 Re2 {White
resigns} 0-1

[Event "Team 45 45 League T61"]
[Site "Internet Chess Club"]
[Date "2014.05.31"]
[Round "1"]
[White "medsurg"]
[Black "Bizzy-Ketty"]
[Result "1-0"]
[WhiteElo "1368"]
[BlackElo "1470"]
[Opening "Nimzo-Indian: classical, Botvinnik variation"]
[ECO "E36"]
[Time "18:00:14"]
[TimeControl "2700+45"]

1. d4 Nf6 2. c4 e6 3. Nc3 Bb4 4. Qc2 d5 5. a3 Bxc3+ 6. Qxc3 Nc6 7. Bg5 O-O 8.
Nf3 h6 9. Bh4 Re8 10. e3 Bd7 11. cxd5 exd5 12. Bd3 Bg4 13. Qc2 Bxf3 14. gxf3
Nxd4 15. Qd1 Ne6 16. Be2 a6 17. Bxf6 gxf6 18. Qd3 Kf8 19. O-O-O c6 20. f4 Nc5
21. Qc2 Ne4 22. Bg4 Qb6 23. Rd4 Nc5 24. Kb1 a5 25. Bf3 Ne6 26. Rdd1 Kg8 27. Qf5
Qd8 28. Qh5 Kf8 29. Bg4 Ke7 30. e4 d4 31. Qf5 Rh8 32. e5 fxe5 33. fxe5 Qd5 34.
Qf6+ Kd7 35. Qxf7+ Kd8 36. Bxe6 Qe4+ 37. Ka1 Qh7 38. Rxd4# {Black checkmated}
1-0

[Event "Team 45 45 League T61"]
[Site "Internet Chess Club"]
[Date "2014.06.01"]
[Round "1"]
[White "lemorgado"]
[Black "achessman"]
[Result "1-0"]
[WhiteElo "1981"]
[BlackElo "1911"]
[Opening "Queen's pawn game"]
[ECO "D00"]
[Time "20:57:27"]
[TimeControl "2700+45"]

1. d4 d5 2. e3 Nf6 3. f4 c5 4. c3 e6 5. Bd3 Bd6 6. Nf3 O-O 7. O-O c4 8. Bc2 b5
9. Nbd2 Bb7 10. Ne5 Ne4 11. Nxe4 dxe4 12. b3 f6 13. Ng4 cxb3 14. axb3 Qc7 15.
Bb2 Nd7 16. Qe2 Nb6 17. Qxb5 f5 18. Ne5 Nd5 19. Nc4 Be7 20. Qa5 Qd7 21. Ne5 Qc8
22. Rfe1 a6 23. Ra4 Bd8 24. Qc5 Qxc5 25. dxc5 Rc8 26. c4 Nf6 27. c6 Bxc6 28.
Rxa6 Bb7 29. Rxe6 Ba5 30. Re2 Rfd8 31. b4 Bc7 32. Bb3 Kf8 33. c5 Ra8 34. Nc6 Rd3
35. Bc4 Rd1+ 36. Kf2 Ng8 37. b5 Bc8 38. Nd4 Ne7 39. b6 Bd8 40. Rd6 Ke8 41. Bb5+
{Black resigns} 1-0